 Dungeon Crawl Stone Soup version 0.29.1-15-g9cfb28693d (webtiles) character file.

Game seed: 8977498272179003660

20739 BlackCrag the Basher (level 12, 0/111 HPs)
             Began as a Minotaur Berserker on Apr 4, 2023.
             Was a High Priest of Trog.
             Slain by an ice devil (8 damage)
             ... in an ice cave.
             The game lasted 00:59:20 (14358 turns).

BlackCrag the Basher (Minotaur Berserker)          Turns: 14358, Time: 00:59:21

Health: 0/111      AC: 16    Str: 26    XL:     12   Next: 48%
Magic:  11/11      EV: 16    Int:  4    God:    Trog [*****.]
Gold:   687        SH:  0    Dex: 11    Spells: 11/11 levels left

rFire   + . .      SeeInvis .   K - +8 dire flail
rCold   . . .      Faith    .   (shield currently unavailable)
rNeg    . . .      Spirit   .   q - +2 scale mail {rF+}
rPois   .          Reflect  .   z - +2 hat
rElec   .          Harm     .   l - +1 cloak {Stlth+}
rCorr   .          Rampage  .   I - +0 pair of gloves
Will    .....                   (no boots)
Stlth   ++........              (no amulet)
HPRegen 0.28/turn               s - ring of flight
MPRegen 0.12/turn               A - +4 ring of evasion

@: flying
A: horns 2, retaliatory headbutt
a: Renounce Religion, Berserk, Trog's Hand, Brothers in Arms


You were in an ice cave.
You worshipped Trog.
Trog was extremely pleased with you.
You visited 3 branches of the dungeon, and saw 14 of its levels.
You also visited: Sewer, Ossuary and Ice Cave.

You collected 782 gold pieces.
You spent 95 gold pieces at shops.

Inventory:

Hand Weapons
 d - the +12 sling "Aziekh" {vorpal, *Slow +Blink Fly}
   (You found it on level 8 of the Dungeon)

   Any ammunition fired from it inflicts extra damage upon your enemies.
   Fly:       It grants you flight.
   +Blink:    It lets you blink.
   *Slow:     It may slow you when you take damage.
 K - a +8 dire flail (weapon)
 M - a +4 morningstar of freezing
 O - a +2 demon whip of draining
Missiles
 f - 8 poisoned darts (quivered)
 o - 2 throwing nets
 D - 4 boomerangs
 P - 5 curare-tipped darts
Armour
 l - a +1 cloak of stealth (worn)
 q - a +2 scale mail of fire resistance (worn)
 v - the +0 leather armour of the Fletcher {Slay+2}
   (You found it on level 3 of the Dungeon)

   Slay:      It affects your accuracy & damage with ranged weapons and melee
   (+2).
 z - a +2 hat (worn)
 H - a +0 kite shield
 I - a +0 pair of gloves (worn)
 N - a +2 ring mail of willpower
Jewellery
 s - a ring of flight (left hand)
 A - a +4 ring of evasion (right hand)
 J - a ring of resist corrosion
Wands
 g - a wand of iceblast (4)
 k - a wand of acid (5)
 n - a wand of paralysis (13)
 t - a wand of flame (30)
 L - a wand of mindburst (10)
Scrolls
 a - 3 scrolls of poison
 e - 2 scrolls of enchant weapon
 i - 3 scrolls of magic mapping
 j - 4 scrolls of immolation
 m - 2 scrolls of enchant armour
 r - 4 scrolls of fear
 u - 3 scrolls of blinking {unknown}
 x - a scroll of torment {unknown}
 y - a scroll of summoning {unknown}
 B - 3 scrolls of butterflies {unknown}
 E - a scroll of teleportation
 F - a scroll of silence {unknown}
Potions
 b - a potion of resistance
 c - 7 potions of curing
 h - 3 potions of haste
 p - 4 potions of heal wounds
 w - 2 potions of degeneration {unknown}
 C - 2 potions of might
 Q - a potion of ambrosia {unknown}


   Skills:
 + Level 11.7 Fighting
 + Level 14.4 Maces & Flails
 + Level 8.2 Ranged Weapons
 + Level 3.4 Throwing
 + Level 9.5 Armour
 + Level 6.8 Dodging
 + Level 5.0 Stealth
 + Level 3.2 Shields
 + Level 2.7 Evocations


You had 11 spell levels left.
You didn't know any spells.
Your spell library was empty.

Dungeon Overview and Level Annotations

Branches:
Dungeon (11/15)            Temple (1/1) D:7            Lair (0/5) D:11
    Orc (2/2) D:11            Elf (0/3) Orc:2         Sewer (visited)
Ossuary (visited)           IceCv (1/1)

Altars:
Ashenzari
Cheibriados
Dithmenos
Elyvilon
Fedhas
Gozag
Hepliaklqana
Kikubaaqudgha
Makhleb
Nemelex Xobeh
Okawaru
Qazlal
Ru
Sif Muna
Trog
Uskayaw
Vehumet
Wu Jian
Xom
Yredelemnul
Zin
The Shining One

Shops:
D:1 :   D:4 ?

Portals:
Abyss: D:5

Annotations:
D:5 2 transporters, BabyfaceFinlayson's ghost, novice OgFE


Innate Abilities, Weirdness & Mutations

You have a pair of horns on your head.
You reflexively headbutt those who attack you in melee.


Message History

The puff of flame misses the ice devil.
You hit the ice devil. Your headbutt misses the ice devil.
The ice devil is lightly wounded.
The ice devil hits you but does no damage.
You hit the ice devil but do no damage.
The ice devil is lightly wounded.
You impale the ice devil!!
The ice devil is heavily wounded.
The ice devil misses you.
You puncture the ice devil!
The ice devil is almost dead.
You barely miss the ice devil.
You headbutt the ice devil, but do no damage.
The ice devil is almost dead.
The ice devil hits you. The ice devil freezes you!
You barely miss the ice devil.
You headbutt the ice devil, but do no damage.
The ice devil is almost dead.
You impale the two-headed ogre simulacrum!!
The two-headed ogre simulacrum is almost destroyed.
The two-headed ogre simulacrum closely misses you.
The two-headed ogre simulacrum hits you!
The two-headed ogre simulacrum freezes you!!
You bludgeon the two-headed ogre simulacrum!!
The two-headed ogre simulacrum vaporises!
Trog accepts your kill.
You closely miss the ice devil.
The ice devil is almost dead.
You hit the ice devil.
The ice devil is almost dead.
The ice devil hits you. The ice devil freezes you!! The ice devil hits you.
The ice devil freezes you!!
* * * LOW HITPOINT WARNING * * *
You hit the ice devil but do no damage. Your headbutt misses the ice devil.
The ice devil is almost dead.
The ice devil hits you but does no damage.
The ice devil hits you.
* * * LOW HITPOINT WARNING * * *
The ice devil freezes you!
You die...

###........##
##....###....##
###...###.###...#
##..####....##...#
#...##.....##..###### #
#..###)...........#.###
##...##...##.........#.
##...#########.##.....
##..@### #≈≈≈###...
###44.# ##≈≈≈####.
##.........### ##
.○.........
§§......##..
§≈○☼####..##. §§§☼.# ..
.# .§≈..## . .....#


You could see 2 ice devils.

Vanquished Creatures
  A balrug (D:11)
  Harold (D:9)
  Erolcha (D:9)
  A hydra (D:11)
  2 two-headed ogres
  An orc high priest (Orc:1)
  Pikel (D:9)
  Joseph (D:7)
  2 ice statues (IceCv)
  A gargoyle (D:11)
  Maurice (D:8)
  3 kobold demonologists (D:11)
  2 ice devils (IceCv)
  2 komodo dragons
  A freezing wraith (IceCv)
  2 trolls
  A shadow (D:11)
  A wraith (D:9)
  A yak (shapeshifter) (D:9)
  A wyvern (D:8)
  Grum (D:10)
  14 yaks
  4 steam dragons
  A warg (Orc:1)
  4 vampire mosquitoes (D:11)
  2 acid dragons
  Menkaure (D:7)
  4 water moccasins
  8 orc warriors
  Pargi (Sewer)
  A sky beast (D:7)
  2 black bears
  An ice beast (D:5)
  6 ogres
  3 centaurs
  3 wolves (D:10)
  A phantom (D:4)
  3 kobold brigands
  5 bullfrogs
  2 necrophages
  3 gnoll sergeants
  2 two-headed ogre simulacra (IceCv)
  A scorpion (D:5)
  8 wights (D:8)
  6 killer bees
  3 howler monkeys
  6 electric eels (D:9)
  11 orc priests
  Crazy Yiuf (D:2)
  2 hounds (D:4)
  4 jellies
  A gnoll bouda (D:4)
  4 iguanas
  19 orc wizards
  A polar bear simulacrum (IceCv)
  4 spriggan simulacra (IceCv)
  A troll simulacrum (IceCv)
  A wolf simulacrum (IceCv)
  2 mummies
  8 adders
  35 gnolls
  A naga simulacrum (IceCv)
  A shadow imp (D:6)
  13 white imps
  An ufetubus (IceCv)
  A worm (D:3)
  4 dart slugs
  33 orcs
  4 spectral bats (Ossuary)
  11 ball pythons
  5 endoplasms
  7 giant cockroaches
  12 gnoll zombies (Ossuary)
  10 goblins
  10 hobgoblins
  4 jackals (D:1)
  16 kobolds
  4 quokkas
  6 bats
  4 bat simulacra (Ossuary)
  9 frilled lizards
  5 goblin simulacra (Ossuary)
  4 goblin zombies (Ossuary)
  7 hobgoblin zombies (Ossuary)
  2 kobold simulacra (Ossuary)
  2 kobold zombies
  7 orc zombies
  2 rats
  A rat simulacrum (Ossuary)
  4 spectral goblins (Ossuary)
  3 spectral kobolds (Ossuary)
  2 spectral rats (Ossuary)
412 creatures vanquished.

Vanquished Creatures (collateral kills)
  An orc high priest (Orc:1)
  A troll (Orc:1)
  An ogre (Orc:1)
3 creatures vanquished.

Vanquished Creatures (others)
  An orc priest (D:5)
  5 plants (D:9)
6 creatures vanquished.

Grand Total: 421 creatures vanquished

Notes
Turn   | Place    | Note
-------+----------+-------------------------------------------
     0 | D:1      | BlackCrag the Minotaur Berserker began the quest for the
                  | Orb.
     0 | D:1      | Reached XP level 1. HP: 19/19 MP: 0/0
   195 | D:1      | Reached XP level 2. HP: 27/27 MP: 1/1
   205 | D:1      | Reached skill level 4 in Maces & Flails
   326 | D:1      | Found Witepof's Book Boutique.
   660 | D:1      | Reached XP level 3. HP: 29/33 MP: 2/2
  1001 | D:2      | Reached XP level 4. HP: 16/41 MP: 3/3
  1444 | D:2      | Reached ** piety under Trog
  1580 | D:2      | Reached skill level 5 in Maces & Flails
  1665 | D:2      | Found a runed translucent door.
  1666 | D:2      | Noticed Crazy Yiuf
  1677 | D:2      | Killed Crazy Yiuf
  2300 | D:3      | Reached XP level 5. HP: 47/47 MP: 4/4
  2321 | D:3      | Found a glowing drain.
  2346 | Sewer    | Entered a sewer
  2388 | Sewer    | Noticed Pargi
  2394 | Sewer    | Killed Pargi
  2395 | Sewer    | Reached skill level 5 in Fighting
  2395 | Sewer    | Reached skill level 6 in Maces & Flails
  2655 | D:3      | Reached XP level 6. HP: 55/56 MP: 5/5
  2831 | D:3      | Reached *** piety under Trog
  2865 | D:3      | Identified the +0 leather armour of the Fletcher {Slay+2}
  3623 | D:4      | Found a large runed translucent door.
  3623 | D:4      | Found a large runed translucent door.
  3639 | D:4      | Found a shimmering blue altar of Sif Muna.
  3647 | D:4      | Found an opulent altar of Gozag.
  3704 | D:4      | Found Vittue's Magic Scroll Boutique.
  3720 | D:4      | Bought a scroll of magic mapping for 75 gold pieces
  3720 | D:4      | Bought a scroll of identify for 20 gold pieces
  3783 | D:4      | Reached skill level 7 in Maces & Flails
  3869 | D:4      | Reached XP level 7. HP: 54/61 MP: 6/6
  3981 | D:4      | Reached skill level 1 in Stealth
  4412 | D:4      | Reached skill level 8 in Maces & Flails
  4532 | D:5      | Entered Level 5 of the Dungeon
  4550 | D:5      | Found a sand-covered staircase.
  4556 | Ossuary  | Entered an ossuary
  4603 | Ossuary  | Reached **** piety under Trog
  4783 | Ossuary  | Reached ***** piety under Trog
  5032 | D:5      | Noticed BabyfaceFinlayson's ghost (novice OgFE)
  5036 | D:5      | Noticed a small abomination
  5239 | D:5      | Reached skill level 1 in Throwing
  5246 | D:5      | Reached XP level 8. HP: 46/70 MP: 7/7
  5429 | D:5      | Found a transporter.
  5433 | D:5      | Reached skill level 9 in Maces & Flails
  5520 | D:5      | Found a one-way gate to the infinite horrors of the Abyss.
  5527 | D:5      | Found a transporter.
  5775 | D:5      | Reached skill level 1 in Shields
  6205 | D:5      | Reached skill level 5 in Armour
  6638 | D:6      | Reached skill level 10 in Maces & Flails
  6875 | D:6      | Reached XP level 9. HP: 72/78 MP: 8/8
  7377 | D:6      | Found a shadowy altar of Dithmenos.
  7467 | D:7      | Found a staircase to the Ecumenical Temple.
  7475 | Temple   | Entered the Ecumenical Temple
  7626 | D:7      | Received a gift from Trog
  7804 | D:7      | Noticed Menkaure
  7811 | D:7      | Killed Menkaure
  8058 | D:7      | Noticed Joseph
  8077 | D:7      | Killed Joseph
  8078 | D:7      | Reached skill level 11 in Maces & Flails
  8078 | D:7      | Reached skill level 5 in Dodging
  8374 | D:7      | Identified the +4 trident "Ankattot" {spect, Str+5}
  9090 | D:8      | Reached XP level 10. HP: 88/88 MP: 9/9
  9112 | D:8      | Identified the +12 sling "Aziekh" {vorpal, *Slow +Blink
                  | Fly}
  9131 | D:8      | Noticed Maurice
  9138 | D:8      | Killed Maurice
  9139 | D:8      | Reached skill level 12 in Maces & Flails
  9147 | D:8      | Noticed a two-headed ogre
  9155 | D:8      | Killed a two-headed ogre
  9188 | D:8      | Reached skill level 1 in Ranged Weapons
  9658 | D:9      | Found a burning altar of Makhleb.
  9708 | D:9      | Noticed Harold
  9718 | D:9      | Killed Harold
  9719 | D:9      | Reached skill level 13 in Maces & Flails
  9973 | D:9      | Noticed Erolcha
  9980 | D:9      | Killed Erolcha
  9981 | D:9      | Reached skill level 1 in Evocations
 10210 | D:9      | Noticed Pikel
 10217 | D:9      | Killed Pikel
 10218 | D:9      | Reached XP level 11. HP: 97/97 MP: 10/10
 11199 | D:10     | Entered Level 10 of the Dungeon
 11389 | D:10     | Reached skill level 5 in Stealth
 11464 | D:10     | Reached skill level 5 in Ranged Weapons
 11472 | D:10     | Noticed Grum
 11484 | D:10     | Killed Grum
 12111 | D:11     | Found a staircase to the Lair.
 12151 | D:11     | Reached skill level 10 in Fighting
 12167 | D:11     | Noticed a two-headed ogre
 12173 | D:11     | Killed a two-headed ogre
 12182 | D:11     | Found a staircase to the Orcish Mines.
 12221 | D:11     | Noticed a four-headed hydra
 12225 | D:11     | Noticed a sun demon
 12231 | D:11     | Reached skill level 14 in Maces & Flails
 12234 | D:11     | Killed a four-headed hydra
 12377 | D:11     | Found a runed translucent door.
 12378 | D:11     | Noticed a balrug
 12391 | D:11     | Killed a balrug
 12571 | D:11     | Reached XP level 12. HP: 98/107 MP: 11/11
 13006 | Orc:1    | Entered Level 1 of the Orcish Mines
 13011 | Orc:1    | Noticed an orc high priest
 13022 | Orc:1    | Received a gift from Trog
 13041 | Orc:1    | Killed an orc high priest
 13231 | Orc:2    | Entered Level 2 of the Orcish Mines
 13268 | Orc:1    | Noticed an orc high priest
 13279 | Orc:1    | Killed an orc high priest
 13311 | Orc:1    | Found a frozen archway.
 13325 | Orc:1    | HP: 2/110 [white imp/puff of frost (11)]
 13345 | IceCv    | Entered an ice cave
 14358 | IceCv    | Slain by an ice devil

Illustrated notes

Levels and vault maps discovered:
D:1:      onia_arrival_pentagram, layout_loops_ring, serial_shops, shop,
          hex_large
D:2:      layout_basic, dk_noncrumbling_4, uniq_crazy_yiuf_cottage
D:3:      layout_basic, gup_sewer_entry_pipe, minmay_checkerbox
D:4:      layout_basic, jmf_multi_god_temple2, serial_shops,
          nicolae_shop_temple_entry_statues_fountains, cheibrodos_gnoll_hut
D:5:      layout_gridville, nicolae_ossuary_entry_giza,
          gammafunk_ghost_abyssal_escape
D:6:      layout_rooms, mainiacjoe_overflow_alcove_2, corner_web_ring
D:7:      layout_rooms, minmay_temple_entry_junction_2, corexii_hall_statues_i,
          hangedman_decor_push, serial_bayou_pond_a, minmay_misc_feat_doors,
          minmay_a_box_with_orc_wizards_in_it, uniq_joseph, uniq_menkaure
D:8:      layout_rooms, uniq_maurice
D:9:      cheibrodos_two_vegetables, layout_stronghold, bloody_makhleb,
          feat_on_display, uniq_harold, uniq_erolcha, uniq_pikel
D:10:     layout_long_grid, grunt_decor_resistance, uniq_grum
D:11:     dreamdust_dug_too_deep, layout_basic, orc_0_dummy,
          kennysheep_generic_room_14
Temple:   nicolae_temple_bog_church
Orc:1:    layout_caves, portal_ice_cave_entry_imps, mines1_david
Orc:2:    grunt_orc_tribal_feast, layout_diamond_mine
IceCv:    ice_cave_small_demon

Skill      XL: |  1  2  3  4  5  6  7  8  9 10 11 12 |
---------------+-------------------------------------+-----
Fighting       | 4 5 6 8 9 10 11 | 11.7
Maces & Flails | 4 5 6 7 8 10 11 13 14 | 14.4
Armour         | 3 4 5 6 8 9 |  9.5
Dodging        | 3 4 5 6 |  6.8
Stealth        | 1 2 4 5 |  5.0
Throwing       | 1 2 3 |  3.4
Shields        | 1 3 |  3.2
Ranged Weapons | 4 6 8 |  8.2
Evocations     | 1 2 |  2.7

Action                   |  1- 3 |  4- 6 |  7- 9 | 10-12 || total
-------------------------+-------+-------+-------+-------++-------
Melee: Mace              |    50 |   126 |   232 |       ||   408
       Headbutt          |    11 |    16 |    51 |    64 ||   142
       Flail             |       |    24 |     9 |       ||    33
       Punch             |       |     1 |       |       ||     1
       Dire flail        |       |       |    71 |   326 ||   397
 Fire: Sling             |       |       |       |    95 ||    95
Throw: Dart              |       |     3 |    28 |     5 ||    36
       Throwing net      |       |       |     1 |       ||     1
Invok: Berserk           |     1 |     2 |     3 |     6 ||    12
       Trog's Hand       |       |       |     3 |     5 ||     8
       Brothers in Arms  |       |       |       |     1 ||     1
Evoke: Wand              |       |       |     3 |    21 ||    24
  Use: Scroll            |       |     3 |     4 |    13 ||    20
       Potion            |       |       |     1 |     2 ||     3
 Stab: Sleeping          |       |     1 |    21 |     2 ||    24
       Distracted        |       |       |     1 |       ||     1
Armor: Animal skin       |     3 |       |       |       ||     3
       Chain mail        |    13 |    55 |       |       ||    68
       Leather armour    |       |     7 |    43 |     7 ||    57
       Scale mail        |       |       |       |    82 ||    82
Dodge: Dodged            |    23 |    72 |   151 |   192 ||   438
Block: Buckler           |       |     2 |    17 |       ||    19
       Kite shield       |       |       |    31 |       ||    31
